[ AOE2 MATCH · #505171391 ]
UnrankedMalians vs Lithuanians
Player's team · WIN
[ REPLAY ANALYSIS · EXTRACTED FROM THE RECORDED GAME ]
Feudal
8:57
Castle
—
Imperial
—
| APM avg | 72.9 |
| APM peak | 125 |
| eAPM avg | 31.1 |
| Villagers / military | 42 / 9 |
Focus
⚔️ 49.8% · 🌾 50.2%
Militia ×5 · Archer ×4
Feudal
8:50
Castle
—
Imperial
—
| APM avg | 47.7 |
| APM peak | 71 |
| eAPM avg | 18.7 |
| Villagers / military | 32 / 17 |
Focus
⚔️ 16.0% · 🌾 84.0%
Skirmisher ×16 · Spearman ×1
Match map
Initial resources + every placement click. Lines = walls · curves = elevation contours. ◆ gold · ⬟ stone · ● berries · ✦ relic · ◌ wall gap
Your base· Open — 2t gap
Kaepirinha's base· Open — 2t gap
Smoothed initial terrain · ◌ = detected wall gap · hover for details
Inputs per minute
— DS_Laura - - Kaepirinha
Build order — DS_Laura
98 actions detected in the replay
| 0:02 | Queue | Villager (Male) |
| 0:02 | Queue | Villager (Male) |
| 0:02 | Queue | Villager (Male) |
| 0:03 | Queue | Villager (Male) |
| 0:03 | Queue | Villager (Male) |
| 0:05 | Build | House |
| 0:06 | Build | House |
| 1:17 | Queue | Villager (Male) |
| 1:18 | Queue | Villager (Male) |
| 1:46 | Queue | Villager (Male) |
| 1:46 | Queue | Villager (Male) |
| 1:52 | Build | Lumber Camp |
| 2:12 | Queue | Villager (Male) |
| 2:13 | Queue | Villager (Male) |
| 2:31 | Queue | Villager (Male) |
| 3:01 | Queue | Villager (Male) |
| 3:24 | Queue | Villager (Male) |
| 3:25 | Queue | Villager (Male) |
| 3:51 | Build | House |
| 3:59 | Build | House |
| 4:04 | Queue | Villager (Male) |
| 4:17 | Queue | Villager (Male) |
| 4:24 | Build | Barracks |
| 4:29 | Queue | Villager (Male) |
| 4:29 | Queue | Villager (Male) |
| 4:52 | Queue | Villager (Male) |
| 5:10 | Build | House |
| 5:54 | Queue | Villager (Male) |
| 6:16 | Build | Mining Camp |
| 6:20 | Research | Loom |
| 6:47 | Research | Feudal Age |
| 6:47 | Research | Feudal Age |
| 7:24 | Queue | Militia |
| 7:24 | Queue | Militia |
| 7:24 | Queue | Militia |
| 7:25 | Queue | Militia |
| 7:41 | Build | House |
| 8:00 | Build | Palisade Wall |
| 8:07 | Build | House |
| 8:09 | Build | House |
| 8:15 | Queue | Militia |
| 8:33 | Build | House |
| 8:56 | Queue | Villager (Male) |
| 8:57 | Age | Feudal Age |
| 8:58 | Research | Man-at-Arms (upgrade) |
| 8:58 | Research | Man-at-Arms (upgrade) |
| 9:07 | Build | Archery Range |
| 9:10 | Build | House |
| 9:11 | Build | Palisade Wall |
| 9:16 | Queue | Villager (Male) |
| 9:33 | Build | Outpost |
| 9:35 | Research | Town Watch |
| 9:54 | Queue | Villager (Male) |
| 9:54 | Queue | Villager (Male) |
| 10:05 | Queue | Archer |
| 10:05 | Queue | Archer |
| 10:16 | Queue | Villager (Male) |
| 10:16 | Queue | Villager (Male) |
| 10:30 | Queue | Archer |
| 10:33 | Queue | Villager (Male) |
| 10:41 | Build | Mill |
| 11:06 | Build | Watch Tower |
| 11:21 | Queue | Villager (Male) |
| 11:21 | Queue | Villager (Male) |
| 11:35 | Queue | Archer |
| 11:47 | Queue | Villager (Male) |
| 12:12 | Queue | Villager (Male) |
| 12:14 | Build | House |
| 12:39 | Build | Mining Camp |
| 12:42 | Queue | Villager (Male) |
| 12:43 | Queue | Villager (Male) |
| 12:48 | Build | Blacksmith |
| 13:06 | Queue | Villager (Male) |
| 14:06 | Build | House |
| 14:23 | Queue | Villager (Male) |
| 14:23 | Queue | Villager (Male) |
| 14:59 | Queue | Villager (Male) |
| 15:03 | Queue | Villager (Male) |
| 15:27 | Queue | Villager (Male) |
| 15:29 | Queue | Villager (Male) |
| 15:45 | Build | Market |
| 15:51 | Research | Fletching |
| 15:51 | Research | Fletching |
| 16:09 | Build | Farm |
| 16:09 | Build | Farm |
| 16:10 | Build | Farm |
| 16:11 | Build | Farm |
| 16:27 | Build | Farm |
| 16:27 | Build | Farm |
| 16:27 | Build | Farm |
| 16:28 | Build | Farm |
| 16:28 | Build | Farm |
| 16:28 | Build | Farm |
| 16:29 | Build | Farm |
| 16:52 | Queue | Villager (Male) |
| 17:01 | Build | Farm |
| 17:02 | Build | Farm |
| 17:03 | Build | Farm |
Build order — Kaepirinha
81 actions detected in the replay
| 0:00 | Queue | Villager (Male) |
| 0:01 | Queue | Villager (Male) |
| 0:02 | Build | House |
| 0:03 | Build | House |
| 0:25 | Queue | Villager (Male) |
| 0:25 | Queue | Villager (Male) |
| 0:32 | Queue | Villager (Male) |
| 0:33 | Queue | Villager (Male) |
| 1:34 | Queue | Villager (Male) |
| 2:00 | Queue | Villager (Male) |
| 2:24 | Queue | Villager (Male) |
| 2:43 | Build | Lumber Camp |
| 2:45 | Queue | Villager (Male) |
| 2:57 | Build | House |
| 3:14 | Queue | Villager (Male) |
| 3:14 | Queue | Villager (Male) |
| 3:41 | Queue | Villager (Male) |
| 4:04 | Queue | Villager (Male) |
| 4:25 | Queue | Villager (Male) |
| 4:35 | Build | Mill |
| 5:36 | Queue | Villager (Male) |
| 5:53 | Build | Palisade Wall |
| 5:54 | Build | Palisade Wall |
| 6:33 | Research | Feudal Age |
| 7:09 | Research | Loom |
| 7:23 | Build | House |
| 7:24 | Build | Palisade Wall |
| 8:11 | Build | Barracks |
| 8:17 | Queue | Villager (Male) |
| 8:50 | Age | Feudal Age |
| 8:54 | Research | Double-Bit Axe |
| 8:59 | Build | House |
| 9:14 | Build | Archery Range |
| 9:22 | Build | Mining Camp |
| 9:36 | Queue | Villager (Male) |
| 9:45 | Queue | Villager (Male) |
| 9:47 | Queue | Skirmisher |
| 9:47 | Queue | Skirmisher |
| 10:17 | Queue | Skirmisher |
| 10:20 | Queue | Villager (Male) |
| 10:22 | Queue | Villager (Male) |
| 10:47 | Build | Watch Tower |
| 10:50 | Queue | Villager (Male) |
| 10:58 | Build | Blacksmith |
| 11:04 | Queue | Skirmisher |
| 11:05 | Queue | Villager (Male) |
| 11:14 | Queue | Skirmisher |
| 11:31 | Build | House |
| 11:37 | Queue | Villager (Male) |
| 11:49 | Queue | Villager (Male) |
| 11:57 | Queue | Villager (Male) |
| 12:11 | Research | Fletching |
| 12:26 | Queue | Skirmisher |
| 12:27 | Queue | Skirmisher |
| 12:45 | Queue | Villager (Male) |
| 13:04 | Queue | Skirmisher |
| 13:17 | Build | Farm |
| 13:18 | Build | Farm |
| 13:18 | Build | Farm |
| 13:50 | Queue | Spearman |
| 14:06 | Queue | Skirmisher |
| 14:06 | Queue | Skirmisher |
| 14:53 | Queue | Skirmisher |
| 15:13 | Queue | Villager (Male) |
| 15:14 | Queue | Villager (Male) |
| 15:20 | Build | Mining Camp |
| 15:45 | Queue | Skirmisher |
| 15:45 | Queue | Skirmisher |
| 15:52 | Queue | Villager (Male) |
| 16:11 | Queue | Skirmisher |
| 16:23 | Queue | Villager (Male) |
| 16:26 | Research | Padded Archer Armor |
| 16:35 | Build | Watch Tower |
| 16:41 | Queue | Villager (Male) |
| 16:45 | Queue | Skirmisher |
| 16:51 | Build | Archery Range |
| 16:56 | Build | House |
| 17:01 | Build | House |
| 17:11 | Queue | Skirmisher |
| 17:19 | Build | Watch Tower |
| 17:22 | Build | Palisade Wall |
Match timeline
| 4:24 | DS_Laura · first_building Barracks |
| 5:53 | Kaepirinha · wall_segment Palisade Wall x1 |
| 5:54 | Kaepirinha · wall_segment Palisade Wall x1 |
| 7:24 | Kaepirinha · wall_segment Palisade Wall x1 |
| 8:00 | DS_Laura · wall_segment Palisade Wall x1 |
| 8:11 | Kaepirinha · first_building Barracks |
| 8:50 | Kaepirinha · age_up feudal |
| 8:57 | DS_Laura · age_up feudal |
| 9:07 | DS_Laura · first_building Archery Range |
| 9:11 | DS_Laura · wall_segment Palisade Wall x4 |
| 9:14 | Kaepirinha · first_building Archery Range |
| 17:22 | Kaepirinha · wall_segment Palisade Wall x3 |
| 17:30 | Kaepirinha · resign |
[ AI ANALYSIS · 1 CREDIT ]
What really happened in this match?
Wolo.gg analyzes every decision: build order, eco, micro, common mistakes by bracket. Personalized analysis on WhatsApp or Discord in 30 seconds.
Civ guide
Malians
Perfil
Jugador #543349